[ AOE2 MATCH · #505797578 ]
UnrankedVietnamese vs Burgundians
[ REPLAY ANALYSIS · EXTRACTED FROM THE RECORDED GAME ]
Feudal
9:00
Castle
21:07
Imperial
32:54
| APM avg | 55.5 |
| APM peak | 92 |
| eAPM avg | 22.1 |
| Villagers / military | 82 / 49 |
Focus
⚔️ 33.5% · 🌾 66.5%
Archer ×29 · Mangonel ×6 · Trebuchet (Packed) ×4 · Militia ×3 · Battering Ram ×3 · Monk ×2
Feudal
8:53
Castle
21:53
Imperial
34:57
| APM avg | 84.4 |
| APM peak | 150 |
| eAPM avg | 27.6 |
| Villagers / military | 132 / 33 |
Focus
⚔️ 28.4% · 🌾 71.6%
Skirmisher ×19 · Coustillier ×8 · Mangonel ×3 · Trebuchet (Packed) ×2 · Spearman ×1
Match map
Initial resources + every placement click. Lines = walls · curves = elevation contours. ◆ gold · ⬟ stone · ● berries · ✦ relic · ◌ wall gap
Your base· Open — opponent sealed themselves in
tomyam's base· ✓ Closed at 21:53 · 47t walls · no gate
Smoothed initial terrain · ◌ = detected wall gap · hover for details
Inputs per minute
— Ux'Chimtzin - - tomyam
Build order — Ux'Chimtzin
First 150 of 227 actions detected
| 0:00 | Create | Villager (Male) |
| 0:00 | Create | Villager (Male) |
| 0:01 | Create | Villager (Male) |
| 0:02 | Build | House |
| 0:03 | Build | House |
| 0:10 | Create | Villager (Male) |
| 0:10 | Create | Villager (Male) |
| 1:27 | Create | Villager (Male) |
| 1:27 | Create | Villager (Male) |
| 1:56 | Build | Lumber Camp |
| 2:00 | Create | Villager (Male) |
| 2:01 | Create | Villager (Male) |
| 2:16 | Create | Villager (Male) |
| 2:43 | Create | Villager (Male) |
| 2:44 | Create | Villager (Male) |
| 3:11 | Create | Villager (Male) |
| 3:11 | Create | Villager (Male) |
| 3:16 | Build | House |
| 3:27 | Build | House |
| 3:32 | Create | Villager (Male) |
| 3:53 | Create | Villager (Male) |
| 4:39 | Create | Villager (Male) |
| 4:39 | Create | Villager (Male) |
| 5:19 | Build | Barracks |
| 5:21 | Build | Palisade Wall |
| 5:27 | Create | Villager (Male) |
| 5:32 | Create | Villager (Male) |
| 5:44 | Research | Loom |
| 6:50 | Research | Feudal Age |
| 6:53 | Build | Mining Camp |
| 7:08 | Create | Militia |
| 7:35 | Create | Militia |
| 7:52 | Create | Militia |
| 8:02 | Build | Mill |
| 8:26 | Create | Villager (Male) |
| 9:00 | Age | Feudal Age |
| 9:16 | Build | Mill |
| 9:21 | Research | Man-at-Arms (upgrade) |
| 9:40 | Create | Villager (Male) |
| 9:40 | Create | Villager (Male) |
| 10:05 | Create | Villager (Male) |
| 10:27 | Build | Archery Range |
| 10:30 | Create | Villager (Male) |
| 10:34 | Build | House |
| 10:53 | Create | Villager (Male) |
| 10:57 | Build | House |
| 11:19 | Create | Villager (Male) |
| 11:20 | Create | Villager (Male) |
| 11:35 | Create | Archer |
| 11:38 | Build | House |
| 11:51 | Create | Archer |
| 11:56 | Build | Farm |
| 11:58 | Research | Double-Bit Axe |
| 12:04 | Research | Horse Collar |
| 12:10 | Create | Villager (Male) |
| 12:12 | Build | Farm |
| 12:18 | Build | Farm |
| 12:20 | Build | Farm |
| 12:37 | Create | Villager (Male) |
| 12:47 | Build | Farm |
| 13:11 | Create | Villager (Male) |
| 13:22 | Create | Villager (Male) |
| 13:30 | Build | Stable |
| 13:32 | Create | Villager (Male) |
| 13:35 | Build | House |
| 13:37 | Build | Palisade Wall |
| 14:02 | Create | Villager (Male) |
| 14:10 | Create | Archer |
| 14:16 | Create | Scout Cavalry |
| 14:30 | Build | Farm |
| 14:32 | Build | Farm |
| 14:39 | Build | House |
| 14:44 | Create | Villager (Male) |
| 14:46 | Create | Archer |
| 14:50 | Create | Scout Cavalry |
| 15:02 | Build | Farm |
| 15:08 | Build | Lumber Camp |
| 15:17 | Create | Villager (Male) |
| 15:35 | Create | Villager (Male) |
| 15:36 | Build | Farm |
| 15:44 | Create | Villager (Male) |
| 15:54 | Build | House |
| 15:55 | Build | Palisade Wall |
| 15:57 | Build | Palisade Wall |
| 16:20 | Build | Farm |
| 16:22 | Build | Farm |
| 16:23 | Create | Villager (Male) |
| 16:25 | Build | Farm |
| 16:53 | Create | Villager (Male) |
| 17:02 | Create | Villager (Male) |
| 17:14 | Build | Farm |
| 17:17 | Build | Market |
| 17:18 | Create | Villager (Male) |
| 17:48 | Build | Farm |
| 17:50 | Build | Farm |
| 17:52 | Build | Farm |
| 18:17 | Build | Farm |
| 18:27 | Research | Castle Age |
| 18:27 | Research | Castle Age |
| 18:42 | Build | Farm |
| 18:43 | Create | Archer |
| 18:53 | Research | Gold Mining |
| 18:53 | Research | Gold Mining |
| 18:59 | Build | Archery Range |
| 19:44 | Build | Blacksmith |
| 19:52 | Create | Villager (Male) |
| 20:02 | Create | Archer |
| 20:03 | Create | Archer |
| 20:32 | Create | Archer |
| 20:32 | Create | Archer |
| 20:42 | Research | Fletching |
| 21:07 | Age | Castle Age |
| 21:12 | Build | Siege Workshop |
| 21:15 | Research | Bodkin Arrow |
| 21:17 | Research | Bow Saw |
| 21:28 | Create | Archer |
| 21:31 | Research | Thumb Ring |
| 21:38 | Create | Villager (Male) |
| 21:38 | Create | Villager (Male) |
| 21:50 | Create | Archer |
| 21:51 | Create | Archer |
| 22:21 | Research | Crossbowman (upgrade) |
| 22:22 | Create | Villager (Male) |
| 22:29 | Create | Battering Ram |
| 22:31 | Build | House |
| 22:37 | Create | Archer |
| 22:46 | Create | Villager (Male) |
| 22:48 | Research | Town Watch |
| 22:50 | Create | Villager (Male) |
| 22:55 | Build | Lumber Camp |
| 23:05 | Build | House |
| 23:09 | Create | Battering Ram |
| 23:11 | Create | Mangonel |
| 23:13 | Create | Villager (Male) |
| 23:16 | Build | Mining Camp |
| 23:31 | Create | Villager (Male) |
| 23:46 | Build | Mill |
| 23:47 | Create | Villager (Male) |
| 23:56 | Create | Villager (Male) |
| 24:12 | Create | Mangonel |
| 24:14 | Create | Archer |
| 24:14 | Create | Archer |
| 24:36 | Create | Archer |
| 24:36 | Create | Archer |
| 24:46 | Build | House |
| 24:52 | Build | Monastery |
| 24:54 | Create | Villager (Male) |
| 25:10 | Create | Villager (Male) |
| 25:10 | Create | Villager (Male) |
| 25:11 | Build | House |
Build order — tomyam
First 150 of 309 actions detected
| 0:01 | Create | Villager (Male) |
| 0:01 | Create | Villager (Male) |
| 0:01 | Create | Villager (Male) |
| 0:01 | Create | Villager (Male) |
| 0:01 | Create | Villager (Male) |
| 0:02 | Build | House |
| 0:03 | Build | House |
| 1:24 | Create | Villager (Male) |
| 1:24 | Create | Villager (Male) |
| 1:24 | Create | Villager (Male) |
| 1:55 | Build | Lumber Camp |
| 1:58 | Create | Villager (Male) |
| 1:59 | Create | Villager (Male) |
| 2:15 | Create | Villager (Male) |
| 2:15 | Create | Villager (Male) |
| 2:15 | Create | Villager (Male) |
| 2:44 | Create | Villager (Male) |
| 3:03 | Create | Villager (Male) |
| 3:04 | Create | Villager (Male) |
| 3:28 | Research | Double-Bit Axe |
| 3:28 | Research | Double-Bit Axe |
| 3:40 | Create | Villager (Male) |
| 3:51 | Build | House |
| 4:01 | Create | Villager (Male) |
| 4:20 | Create | Villager (Male) |
| 4:38 | Create | Villager (Male) |
| 5:10 | Create | Villager (Male) |
| 5:11 | Build | Mill |
| 5:47 | Create | Villager (Male) |
| 5:55 | Create | Villager (Male) |
| 6:04 | Research | Loom |
| 6:43 | Research | Feudal Age |
| 6:43 | Research | Feudal Age |
| 7:56 | Build | Barracks |
| 8:21 | Build | House |
| 8:21 | Build | House |
| 8:53 | Age | Feudal Age |
| 8:57 | Create | Villager (Male) |
| 8:57 | Create | Villager (Male) |
| 8:57 | Create | Villager (Male) |
| 9:06 | Create | Villager (Male) |
| 9:09 | Build | Archery Range |
| 9:25 | Create | Villager (Male) |
| 9:29 | Create | Spearman |
| 9:36 | Create | Villager (Male) |
| 9:44 | Build | Mill |
| 9:57 | Create | Skirmisher |
| 9:57 | Create | Skirmisher |
| 10:01 | Create | Villager (Male) |
| 10:10 | Research | Horse Collar |
| 10:11 | Research | Horse Collar |
| 10:17 | Build | House |
| 10:22 | Build | House |
| 10:26 | Build | Palisade Wall |
| 10:29 | Build | House |
| 10:31 | Build | Palisade Wall |
| 10:31 | Create | Villager (Male) |
| 10:41 | Create | Villager (Male) |
| 10:48 | Build | Palisade Wall |
| 10:53 | Create | Skirmisher |
| 10:56 | Create | Villager (Male) |
| 11:00 | Build | Farm |
| 11:16 | Create | Villager (Male) |
| 11:22 | Create | Skirmisher |
| 11:28 | Build | Farm |
| 11:29 | Build | Farm |
| 11:43 | Build | Farm |
| 11:50 | Build | House |
| 11:59 | Build | House |
| 12:04 | Create | Villager (Male) |
| 12:07 | Build | Palisade Wall |
| 12:07 | Build | Palisade Wall |
| 12:09 | Build | Palisade Wall |
| 12:18 | Create | Skirmisher |
| 12:22 | Create | Villager (Male) |
| 12:28 | Build | Farm |
| 12:28 | Build | Farm |
| 12:40 | Create | Skirmisher |
| 12:46 | Build | Palisade Wall |
| 12:57 | Create | Villager (Male) |
| 12:59 | Build | Farm |
| 13:07 | Create | Villager (Male) |
| 13:25 | Build | Farm |
| 13:51 | Create | Villager (Male) |
| 13:58 | Build | Farm |
| 14:06 | Build | Palisade Wall |
| 14:11 | Create | Villager (Male) |
| 14:14 | Build | Farm |
| 14:36 | Research | Bow Saw |
| 14:36 | Research | Bow Saw |
| 14:36 | Create | Villager (Male) |
| 14:51 | Build | Palisade Wall |
| 14:58 | Create | Villager (Male) |
| 15:07 | Build | Farm |
| 15:10 | Build | Farm |
| 15:24 | Create | Villager (Male) |
| 15:30 | Build | Farm |
| 15:49 | Build | Palisade Wall |
| 16:01 | Create | Villager (Male) |
| 16:11 | Build | Lumber Camp |
| 16:18 | Create | Villager (Male) |
| 16:24 | Create | Skirmisher |
| 16:34 | Build | House |
| 16:48 | Create | Villager (Male) |
| 16:49 | Build | Blacksmith |
| 17:01 | Build | House |
| 17:02 | Create | Skirmisher |
| 17:12 | Build | House |
| 17:17 | Create | Villager (Male) |
| 17:24 | Build | House |
| 17:28 | Create | Villager (Male) |
| 17:31 | Build | Mining Camp |
| 17:38 | Research | Fletching |
| 17:38 | Research | Fletching |
| 17:39 | Create | Villager (Male) |
| 17:41 | Build | House |
| 17:49 | Build | Farm |
| 17:51 | Build | Farm |
| 17:57 | Create | Skirmisher |
| 18:17 | Create | Villager (Male) |
| 18:20 | Build | Farm |
| 18:26 | Build | Farm |
| 18:31 | Build | Farm |
| 19:03 | Build | Farm |
| 19:13 | Research | Castle Age |
| 19:13 | Research | Castle Age |
| 19:18 | Build | Stable |
| 19:35 | Build | Farm |
| 19:38 | Build | Farm |
| 19:39 | Build | Farm |
| 19:50 | Build | Farm |
| 19:53 | Build | Farm |
| 20:02 | Build | House |
| 20:14 | Build | Farm |
| 20:16 | Research | Heavy Plow |
| 20:27 | Research | Gold Mining |
| 20:27 | Research | Gold Mining |
| 20:34 | Create | Skirmisher |
| 20:36 | Research | Padded Archer Armor |
| 20:36 | Research | Padded Archer Armor |
| 20:42 | Create | Skirmisher |
| 21:10 | Create | Skirmisher |
| 21:53 | Age | Castle Age |
| 21:56 | Research | Elite Skirmisher (upgrade) |
| 21:56 | Research | Elite Skirmisher (upgrade) |
| 21:56 | Research | Bodkin Arrow |
| 21:56 | Research | Bodkin Arrow |
| 21:59 | Build | Town Center |
| 22:01 | Create | Villager (Male) |
| 22:03 | Build | Town Center |
Match timeline
| 5:19 | Ux'Chimtzin · first_building Barracks |
| 5:21 | Ux'Chimtzin · wall_segment Palisade Wall x2 |
| 7:56 | tomyam · first_building Barracks |
| 8:53 | tomyam · age_up feudal |
| 9:00 | Ux'Chimtzin · age_up feudal |
| 9:09 | tomyam · first_building Archery Range |
| 10:26 | tomyam · wall_segment Palisade Wall x1 |
| 10:27 | Ux'Chimtzin · first_building Archery Range |
| 10:31 | tomyam · wall_segment Palisade Wall x1 |
| 10:48 | tomyam · wall_segment Palisade Wall x1 |
| 12:07 | tomyam · wall_segment Palisade Wall x1 |
| 12:07 | tomyam · wall_segment Palisade Wall x1 |
| 12:09 | tomyam · wall_segment Palisade Wall x1 |
| 12:46 | tomyam · wall_segment Palisade Wall x19 |
| 13:30 | Ux'Chimtzin · first_building Stable |
| 13:37 | Ux'Chimtzin · wall_segment Palisade Wall x2 |
| 14:06 | tomyam · wall_segment Palisade Wall x20 |
| 14:51 | tomyam · wall_segment Palisade Wall x1 |
| 15:49 | tomyam · wall_segment Palisade Wall x1 |
| 15:55 | Ux'Chimtzin · wall_segment Palisade Wall x5 |
| 15:57 | Ux'Chimtzin · wall_segment Palisade Wall x8 |
| 18:24 | Ux'Chimtzin · first_market_buy 100 food |
| 19:18 | tomyam · first_building Stable |
| 21:07 | Ux'Chimtzin · age_up castle |
| 21:12 | Ux'Chimtzin · first_building Siege Workshop |
| 21:33 | Ux'Chimtzin · first_market_sell 100 stone |
| 21:53 | tomyam · age_up castle |
| 23:27 | tomyam · first_building Siege Workshop |
| 24:52 | Ux'Chimtzin · first_building Monastery |
| 27:56 | tomyam · first_building Castle |
| 30:29 | Ux'Chimtzin · first_building Castle |
| 31:43 | tomyam · first_market_buy 100 food |
| 31:44 | tomyam · first_market_sell 100 wood |
| 32:54 | Ux'Chimtzin · age_up imperial |
| 34:57 | tomyam · age_up imperial |
| 36:22 | tomyam · resign |
[ AI ANALYSIS · 1 CREDIT ]
What really happened in this match?
Wolo.gg analyzes every decision: build order, eco, micro, common mistakes by bracket. Personalized analysis on WhatsApp or Discord in 30 seconds.
Civ guide
Vietnamese
Perfil
Jugador #2850920